 Dungeon Crawl Stone Soup version 0.27.1-4-g1640c2035a (webtiles) character file.

Game seed: 18066025321980111053

6 AarnesTheHuman the Shield-Bearer (level 2, 0/24 HPs)
             Began as a Formicid Fighter on Nov 3, 2021.
             Slain by a jackal (2 damage)
             ... on level 1 of the Dungeon.
             The game lasted 00:00:27 (454 turns).

AarnesTheHuman the Shield-Bearer (Formicid Fighter)  Turns: 454, Time: 00:00:28

Health: 0/24       AC:  6    Str: 20    XL:     2   Next: 0%
Magic:  2/2        EV:  7    Int:  7    God:
Gold:   29         SH:  9    Dex: 10    Spells: 1/1 levels left

rFire    . . .     SeeInvis +   a - +0 long sword
rCold    . . .     Faith    .   c - +0 kite shield
rNeg     . . .     Spirit   .   b - +0 scale mail
rPois    .         Reflect  .   (helmet unavailable)
rElec    .         Harm     .   (no cloak)
rCorr    .         Rampage  .   (no gloves)
Will     .....                  (no boots)
Stlth    ..........             (no amulet)
HPRegen  0.08/turn              (no ring)
MPRegen  0.08/turn              (no ring)

@: no status effects
A: permanent stasis, dig shafts and tunnels, antennae 3, four strong arms
a: Dig, Shaft Self


You were on level 1 of the Dungeon.
You visited 1 branch of the dungeon, and saw 1 of its levels.

You collected 29 gold pieces.

Inventory:

Hand Weapons
 a - a +0 long sword (weapon)
Armour
 b - a +0 scale mail (worn)
 c - a +0 kite shield (worn)
Scrolls
 e - a scroll of fear {unknown}
Potions
 d - a potion of might
 f - a potion of flight {unknown}


   Skills:
 + Level 3.4 Fighting
 + Level 2.1 Long Blades
 + Level 3.4 Armour
 + Level 3.8 Shields


You had one spell level left.
You didn't know any spells.
Your spell library contained the following spells:

 Spells                   Type           Power      Damage    Failure   Level
 Sublimation of Blood     Necr           0%         N/A       99%         2
 Wereblood                Tmut           0%         N/A       99%         2
 Summon Hydra             Summ           0%         N/A       100%        7


Dungeon Overview and Level Annotations

Branches:
Dungeon (1/15)

Altars:


Innate Abilities, Weirdness & Mutations

You cannot be hasted, slowed, berserked, paralysed or teleported.
You can dig through walls and to a lower floor.
You have a pair of large antennae on your head. (SInv)
Your four strong arms can wield two-handed weapons with a shield.


Message History

You see here a scroll labelled KUESTR ESIUCHE.
You hit the endoplasm but do no damage. You block the endoplasm's attack.
The endoplasm freezes you.
You are frozen.
You hit the ball python but do no damage.
The ball python bites you. You block the ball python's attack.
The endoplasm freezes you.
You are frozen.
The ball python bites you. You block the ball python's attack.
You are too injured to fight recklessly!
You block the endoplasm's attack. You block the ball python's attack. x2
You block the ball python's attack. The ball python grabs you.
The ball python constricts you.
You escape the ball python's grasp.
You hit the endoplasm but do no damage. The endoplasm freezes you.
You are frozen.
* * * LOW HITPOINT WARNING * * *
You block the endoplasm's attack.
You hit the endoplasm.
The endoplasm is heavily wounded.
The endoplasm freezes you.
You are frozen.
* * * LOW HITPOINT WARNING * * *
You slash the endoplasm!
You kill the endoplasm!
The jackal bites you but does no damage.
You have reached level 2!
You barely miss the jackal. The jackal bites you.
* * * LOW HITPOINT WARNING * * *
You hit the jackal but do no damage. The jackal closely misses you.
You riposte.
You closely miss the jackal. You block the jackal's attack.
You hit the jackal.
The jackal is moderately wounded.
You block the jackal's attack. The jackal bites you.
* * * LOW HITPOINT WARNING * * *
You slash the jackal!
You kill the jackal!
The jackal bites you.
You die...

#.# #.# .##.# #.# #.##.#
#.# #####.##.# #.#
......#.# #.# #.....#.#
#####.####.....#.#
...............#@#
#####.####.....#h#########
................S.........
#####.#.#####..#.#.#......
......#.#..........+......
#######.#.#..##.##?.......
#.# #.# ###.#....... #.#
#. [.# ....... #.# ..{#)!.
.......


You could see a jackal and a ball python.

Vanquished Creatures
  2 bats (D:1)
  2 endoplasms (D:1)
  A jackal (D:1)
  A frilled lizard (D:1)
6 creatures vanquished.

Notes
Turn   | Place    | Note
-------+----------+-------------------------------------------
     0 | D:1      | AarnesTheHuman the Formicid Fighter began the quest for the
                  | Orb.
     0 | D:1      | Reached XP level 1. HP: 18/18 MP: 1/1
   451 | D:1      | Reached XP level 2. HP: 4/24 MP: 2/2
   454 | D:1      | Slain by a jackal

Illustrated notes

Levels and vault maps discovered:
D:1:      kilobyte_arrival_exit_the_forest, layout_basic, minmay_heptomino_d4

Action                   || total
-------------------------++-------
Melee: Long sword        ||    21
Armor: Scale mail        ||     9
Dodge: Dodged            ||     5
Block: Kite shield       ||    20
       Rpst.: Long sword ||     3
